 Dungeon Crawl Stone Soup version 0.29-a0-870-g2c972031a6 (webtiles) character file.

Game seed: 17678436912817248011

248 clackabat the Poker (level 5, -2/48 HPs)
             Began as a Minotaur Fighter on July 18, 2022.
             Slain by Ijyb
             ... wielding a +6 club
              (7 damage)
             ... on level 3 of the Dungeon.
             The game lasted 00:05:28 (2725 turns).

clackabat the Poker (Minotaur Fighter)              Turns: 2725, Time: 00:05:28

Health: -2/48      AC: 10    Str: 21    XL:     5   Next: 86%
Magic:  4/4        EV:  9    Int:  5    God:
Gold:   193        SH:  4    Dex: 11    Spells: 4/4 levels left

rFire   . . .      SeeInvis .   a - +0 trident
rCold   + . .      Faith    .   c - +0 buckler
rNeg    . . .      Spirit   .   s - +3 scale mail {rC+}
rPois   .          Reflect  .   f - +1 hat
rElec   .          Harm     .   (no cloak)
rCorr   .          Rampage  .   (no gloves)
Will    .....                   (no boots)
Stlth   ..........              (no amulet)
HPRegen 0.16/turn               (no ring)
MPRegen 0.09/turn               (no ring)

@: mighty
A: horns 2, retaliatory headbutt
a: no special abilities


You were on level 3 of the Dungeon.
You visited 1 branch of the dungeon, and saw 3 of its levels.

You collected 193 gold pieces.

Inventory:

Hand Weapons
 a - a +0 trident (weapon)
Missiles
 g - 2 throwing nets (quivered)
 o - 4 poisoned darts
 t - 2 javelins
Armour
 b - a +0 scale mail
 c - a +0 buckler (worn)
 f - a +1 hat (worn)
 i - an orb of mayhem
 s - a +3 scale mail of cold resistance (worn)
Scrolls
 j - a scroll of fear {unknown}
 k - 4 scrolls of identify {unknown}
 l - a scroll of brand weapon {unknown}
 q - 2 scrolls of teleportation {unknown}
Potions
 d - 2 potions of might
 e - a potion of heal wounds {unknown}
 h - a potion of cancellation {unknown}
 m - a potion of berserk rage {unknown}
 n - 2 potions of curing {unknown}
 p - a potion of mutation {unknown}
 r - a potion of brilliance {unknown}
 u - 2 potions of haste {unknown}


   Skills:
 + Level 5.4 Fighting
 * Level 6.3 Polearms
 - Level 3.6 Armour
 - Level 3.6 Shields


You had 4 spell levels left.
You didn't know any spells.
Your spell library contained the following spells:

 Spells                   Type           Power      Damage    Failure   Level
 Summon Guardian Golem    Hex/Summ       0%         N/A       99%         3
 Orb of Destruction       Conj           0%         9d5       100%        7
 Spellforged Servitor     Conj/Summ      0%         N/A       100%        7


Dungeon Overview and Level Annotations

Branches:
Dungeon (3/15)

Altars:

Annotations:
D:3 Ijyb


Innate Abilities, Weirdness & Mutations

You have a pair of horns on your head.
You reflexively headbutt those who attack you in melee.


Message History

No target in view!
No target in view!
You see here an adder corpse.
A worm comes into view.
A worm is nearby!
You reach to attack!
You puncture the worm!
The worm is heavily wounded.
You puncture the worm!
You kill the worm!
No target in view!
You open the door.
Found a spear.
Found a stone staircase leading down.
There is an open door here.
You see here a +0 spear.
There is a stone staircase leading down here.
As you open the door, it creaks loudly!
There is an open door here.
You now have 193 gold pieces (gained 15).
Ijyb the Twisted Goblin comes into view.
She is wielding a +6 club, wearing a +2 scale mail of cold resistance and carrying a wand of flame (14).
Ijyb shouts!
Ijyb zaps a wand.
You block the puff of flame.
Ijyb drinks a potion.
Ijyb seems to grow stronger.
You reach to attack!
You closely miss Ijyb. You barely miss Ijyb. Ijyb hits you with a +6 club! x2
You are too injured to fight recklessly!
You are too injured to fight recklessly!
You are too injured to fight recklessly!
You are too injured to fight recklessly!
You barely miss Ijyb. Ijyb hits you with a +6 club!
* * * LOW HITPOINT WARNING * * *
You hit Ijyb. Your headbutt misses Ijyb.
Ijyb is moderately wounded.
Ijyb hits you with a +6 club!
* * * LOW HITPOINT WARNING * * *
You feel very mighty all of a sudden. Ijyb hits you but does no damage.
You hit Ijyb.
Ijyb is heavily wounded.
Ijyb hits you with a +6 club!
You die...

#.####
..# #..#
..# #.##
#.# ###
#.# #.#
#.# ###
#g# #.##
#@#
#..##
###.#
#.).##
###...#
#....#
#.....#
#....'
#.#.#.#
#>...# #
#.###
#...##
#.###
###..##
#...#
#...####
###.#
##'#....


You could see Ijyb (strong).

Vanquished Creatures
  Jessica (D:2)
  3 orc wizards (D:3)
  Terence (D:3)
  5 adders
  A worm (D:3)
  3 dart slugs
  6 orcs (D:3)
  5 ball pythons
  5 endoplasms
  4 giant cockroaches
  4 goblins
  7 hobgoblins
  2 quokkas
  9 bats
  5 frilled lizards
  7 kobolds
  5 rats
73 creatures vanquished.

Notes
Turn   | Place    | Note
-------+----------+-------------------------------------------
     0 | D:1      | clackabat the Minotaur Fighter began the quest for the Orb.
     0 | D:1      | Reached XP level 1. HP: 19/19 MP: 0/0
   106 | D:1      | Reached skill level 3 in Polearms
   135 | D:1      | Reached XP level 2. HP: 22/27 MP: 1/1
   647 | D:1      | Found a faded altar of an unknown god.
   647 | D:1      | Noticed a great orb of eyes
   668 | D:1      | Noticed a floating eye
   668 | D:1      | Noticed a floating eye
   668 | D:1      | Noticed a shining eye
   678 | D:1      | Reached XP level 3. HP: 32/33 MP: 2/2
  1011 | D:2      | Reached skill level 4 in Polearms
  1413 | D:2      | Noticed Jessica
  1419 | D:2      | Killed Jessica
  1420 | D:2      | Reached XP level 4. HP: 39/41 MP: 3/3
  1725 | D:3      | Reached skill level 5 in Polearms
  1849 | D:3      | Reached skill level 5 in Fighting
  1849 | D:3      | Reached XP level 5. HP: 25/48 MP: 4/4
  2248 | D:3      | Noticed Terence
  2260 | D:3      | Killed Terence
  2363 | D:3      | Reached skill level 6 in Polearms
  2716 | D:3      | Noticed Ijyb
  2725 | D:3      | Slain by Ijyb

Illustrated notes

Levels and vault maps discovered:
D:1:      shiori_arrival_oz, layout_basic,
          hellmonk_ecumenical_altar_watching_god
D:2:      layout_loops_ring, uniq_jessica
D:3:      layout_loops_corners, minmay_circle_x, uniq_crazy_yiuf_cottage,
          uniq_terence, uniq_ijyb

Skill      XL: |  1  2  3  4  5 |
---------------+----------------+-----
Polearms       | 3 4 5 6 |  6.3
Fighting       | 4 5 |  5.4
Armour         | |  3.6
Shields        | |  3.6

Action                   |  1- 3 |  4- 6 || total
-------------------------+-------+-------++-------
Melee: Trident           |   117 |   107 ||   224
       Headbutt          |     5 |    12 ||    17
Throw: Javelin           |       |     2 ||     2
  Use: Potion            |       |     1 ||     1
Armor: Scale mail        |    43 |    37 ||    80
Dodge: Dodged            |    47 |    25 ||    72
Block: Buckler           |    26 |    12 ||    38

Table legend: (Time is in decaauts)
 A = Elapsed time spent in this place.
 B = Non-inter-level travel time spent in this place.
 C = Inter-level travel time spent in this place.
 D = Time resting spent in this place.
 E = Time spent auto-exploring this place.
 F = Levels seen in this place.
 G = Mean time per level.
                   A        B        C        D        E       F      G
               +--------+--------+--------+--------+--------+-----+--------+
         Total |   2750 |   2533 |    217 |     82 |   1982 |   3 |  916.7 |
       Dungeon |   2750 |   2533 |    217 |     82 |   1982 |   3 |  916.7 |
               +--------+--------+--------+--------+--------+-----+--------+

Top non-repeatable levels by time:
     D:3: 1012 daAuts
     D:2: 884 daAuts
     D:1: 853 daAuts
